 Dungeon Crawl Stone Soup version 0.21.1-1-g345015f (webtiles) character file.

557 Figureslego113 the Grappler (level 7, -6/57 HPs)
             Began as a Ghoul Monk on June 11, 2018.
             Was an Initiate of Ru.
             Killed from afar by Dowan (13 damage)
             ... with a stone arrow
             ... on level 4 of the Dungeon.
             The game lasted 00:21:49 (7323 turns).

Figureslego113 the Grappler (Ghoul Monk)            Turns: 7323, Time: 00:21:53

Health: -6/57      AC:  2    Str: 15    XL:     7   Next: 30%
Magic:  6/6        EV: 14    Int:  5    God:    Ru [......]
Gold:   184        SH:  0    Dex: 13    Spells: 6/6 levels left

rFire    . . .     SeeInvis .     - Unarmed
rCold    + . .     Gourm    .   (no shield)
rNeg     + + +     Faith    .   a - +0 robe
rPois    ∞         Spirit   .   (no helmet)
rElec    .         Reflect  .   (no cloak)
rCorr    .         Harm     .   (no gloves)
MR       .....                  (no boots)
Stlth    +.........             (no amulet)
HPRegen  0.00/turn              (no ring)
MPRegen  0.10/turn              (no ring)

@: rotting, glowing
A: rotting body, claws 1, carnivore, cold resistance 1, negative energy
resistance 3, inhibited regeneration, torment resistance, unbreathing
a: Sacrifice Health, Sacrifice Love, Sacrifice Arcana, Reject Sacrifices,
Renounce Religion


You were on level 4 of the Dungeon.
You worshipped Ru.
Ru was noncommittal.
You were not hungry.

You visited 1 branch of the dungeon, and saw 4 of its levels.

You collected 184 gold pieces.

Inventory:

Armour
 a - a +0 robe (worn)
Wands
 e - a wand of disintegration (9)
Scrolls
 f - 2 scrolls of identify
 h - a scroll of fear {unknown}
 k - a scroll of enchant weapon
Potions
 c - a potion of mutation {unknown}
 d - a potion of heal wounds {unknown}
Comestibles
 b - 5 rations
 g - 6 chunks of flesh


   Skills:
 - Level 3.4 Fighting
 + Level 4.0 Dodging
 - Level 2.1 Stealth
 * Level 8.1 Unarmed Combat


You had 6 spell levels left.
You didn't know any spells.

Dungeon Overview and Level Annotations

Branches:
Dungeon (4/15)
 Temple: D:4-7

Altars:
Okawaru
Ru

Annotations:
D:4 Dowan


Innate Abilities, Weirdness & Mutations

Your body is rotting away.
You thrive on raw meat.
You are immune to poison.
You have sharp fingernails.
You are carnivorous and can eat meat at any time.
Your flesh is cold resistant. (rC+)
You are immune to negative energy. (rN+++)
You do not regenerate when monsters are visible.
You are immune to unholy pain and torment.
You can survive without breathing.


Message History

Dowan hits you with a dagger.
You claw Dowan!
Dowan is severely wounded.
Dowan gestures wildly while chanting.
Dowan blinks!
Dowan hits you but does no damage. Dowan closely misses you.
You scratch Dowan but do no damage.
Dowan is severely wounded.
Dowan hits you with a dagger.
You scratch Dowan but do no damage.
Dowan is severely wounded.
Dowan hits you but does no damage.
You scratch Dowan but do no damage.
Dowan is severely wounded.
Dowan casts a spell at you. The stone arrow hits you!
* * * LOW HITPOINT WARNING * * *
Dowan gestures at you while chanting. The stone arrow hits you!
You die...

#+# #...#.........
#..########...+.....####
#.........#...#.....#...
#.........'...#.....#...
#.........#...#.....#...
#..##..######.####'##...
#..######.###...##..
#...'..#.........#..
#..@#).#.........#..
#.e.#..#.........#..
#...#..#.........#
##################


You could see Dowan.

Vanquished Creatures
  Duvessa (D:4)
  2 big kobolds (D:3)
  An orc priest (D:3)
  An orc wizard (D:3)
  8 gnolls
  4 adders
  5 worms
  A leopard gecko (D:1)
  3 orcs (D:3)
  9 bats
  7 giant cockroaches
  34 goblins
  29 hobgoblins
  3 jackals (D:4)
  4 frilled lizards
  5 kobolds
  7 rats
124 creatures vanquished.

Notes
Turn   | Place    | Note
-------+----------+-------------------------------------------
     0 | D:1      | Figureslego113 the Ghoul Monk began the quest for the Orb.
     0 | D:1      | Reached XP level 1. HP: 19/19 MP: 0/0
   111 | D:1      | Reached XP level 2. HP: 18/26 MP: 1/1
   944 | D:1      | Reached skill level 4 in Unarmed Combat
   944 | D:1      | Reached XP level 3. HP: 23/31 MP: 2/2
  1168 | D:2      | HP: 1/31 [goblin/stone (4)]
  1517 | D:2      | Reached XP level 4. HP: 19/36 MP: 3/3
  1609 | D:2      | Found an iron altar of Okawaru.
  4199 | D:3      | Reached skill level 5 in Unarmed Combat
  4604 | D:3      | Reached XP level 5. HP: 36/45 MP: 4/4
  5156 | D:3      | Reached skill level 6 in Unarmed Combat
  5624 | D:3      | Noticed a big kobold
  5625 | D:3      | Reached XP level 6. HP: 38/51 MP: 5/5
  6399 | D:3      | Reached skill level 7 in Unarmed Combat
  6768 | D:3      | Reached XP level 7. HP: 27/56 MP: 6/6
  7231 | D:4      | Found a sacrificial altar of Ru.
  7239 | D:4      | Became a worshipper of Ru the Awakened
  7307 | D:4      | Noticed Duvessa
  7307 | D:4      | Noticed Dowan
  7318 | D:4      | Killed Duvessa
  7318 | D:4      | Reached skill level 8 in Unarmed Combat
  7323 | D:4      | Killed from afar by Dowan

Skill      XL: |  1  2  3  4  5  6  7 |
---------------+----------------------+-----
Dodging        | 3 4 |  4.0
Unarmed Combat | 4 5 6 7 8 |  8.1
Fighting       | |  3.4
Stealth        | |  2.1

Action                   |  1- 3 |  4- 6 |  7- 9 || total
-------------------------+-------+-------+-------++-------
Melee: Unarmed           |   103 |   297 |    34 ||   434
       Punch             |       |     2 |       ||     2
  Use: Scroll            |       |     7 |       ||     7
       Potion            |       |     5 |       ||     5
 Stab: Sleeping          |     1 |     3 |     1 ||     5
  Eat: Chunk             |    12 |    21 |     1 ||    34
       Ration            |       |     1 |       ||     1
Armor: Robe              |    17 |    47 |     3 ||    67
Dodge: Dodged            |    84 |   210 |    20 ||   314
